 Dungeon Crawl Stone Soup version 0.31-a0-1620-gcbf77bbcfc (webtiles) character file.

Game seed: 5818683990708827743

34286 Flugslaktarn the Warrior (level 13, -2/126 HPs)
             Began as a Minotaur Fighter on Jan 11, 2024.
             Was a High Priest of Cheibriados.
             Slain by a dire elephant (11 damage)
             ... on level 3 of the Lair of Beasts.
             The game lasted 00:06:22 (13192 turns).

Flugslaktarn the Warrior (Minotaur Fighter)        Turns: 13192, Time: 00:06:22

Health: -2/126     AC: 29    Str: 48    XL:     13   Next: 41%
Magic:  8/18       EV:  9    Int: 18    God:    Cheibriados [*****.]
Gold:   921        SH: 19    Dex: 23    Spells: 12/12 levels left

rFire   . . .        x - +0 broad axe (protect)
rCold   . . .        l - +0 tower shield
rNeg    . . .        Q - +2 chain mail "Ygazee" {Str+3}
rPois   .            b - +2 hat {Will+}
rElec   .            y - +0 cloak
rCorr   .            D - +2 pair of gloves
SInv    .            N - +0 pair of boots
Will    ++...        (no amulet) Stlth
                     m - ring of willpower
HPRegen 0.41/turn    q - +6 ring of strength
MPRegen 0.16/turn

%: no passive effects
@: about to teleport, under a protective aura, very slow
A: horns 2, retaliatory headbutt, teleportitis 1
a: Renounce Religion, Bend Time, Temporal Distortion, Slouch, Step From Time


You were on level 3 of the Lair of Beasts.
You worshipped Cheibriados.
Cheibriados was extremely pleased with you.
You visited 2 branches of the dungeon, and saw 13 of its levels.

You collected 921 gold pieces.

Inventory:

Hand Weapons
 x - a +0 broad axe of protection (weapon)
   (You found it on level 5 of the Dungeon)
 A - a +5 war axe of freezing
   (You took it off a wight on level 9 of the Dungeon)
Missiles
 G - 4 throwing nets (quivered)
Armour
 b - a +2 hat of willpower (worn)
   (You took it off Gastronok on level 9 of the Dungeon)
 c - a +0 buckler
 l - a +0 tower shield (worn)
   (You found it on level 2 of the Dungeon)
 n - a +0 plate armour
   (You found it on level 3 of the Dungeon)
 y - a +0 cloak (worn)
   (You took it off Maurice on level 7 of the Dungeon)
 D - a +2 pair of gloves (worn)
   (You found it on level 10 of the Dungeon)
 N - a +0 pair of boots (worn)
   (You found it on level 10 of the Dungeon)
 Q - the +2 chain mail "Ygazee" (worn) {Str+3}
   (You found it on level 3 of the Lair of Beasts)

   Str+3:     It affects your strength (+3).
Jewellery
 j - a ring of ice
   (You found it on level 3 of the Dungeon)
 m - a ring of willpower (left hand)
   (You found it on level 2 of the Dungeon)
 o - a ring of poison resistance
   (You found it on level 4 of the Dungeon)
 q - a +6 ring of strength (right hand)
   (You found it on level 3 of the Dungeon)
 s - an amulet of guardian spirit
   (You found it on level 4 of the Dungeon)
 F - a +6 ring of dexterity
   (You found it on level 7 of the Dungeon)
 H - a ring of flight
   (You found it on level 7 of the Dungeon)
 P - a ring of fire
   (You found it on level 3 of the Lair of Beasts)
Wands
 C - a wand of acid (8)
   (You found it on level 6 of the Dungeon)
 J - a wand of charming (10)
   (You found it on level 8 of the Dungeon)
 L - a wand of roots (11)
   (You found it on level 7 of the Dungeon)
Scrolls
 a - a scroll of poison
 e - a scroll of amnesia
 f - 2 scrolls of enchant weapon
 g - 4 scrolls of immolation
 k - a scroll of torment
 r - 3 scrolls of identify
 t - 3 scrolls of teleportation
 z - 2 scrolls of revelation
 I - 4 scrolls of vulnerability
 K - a scroll of blinking {unknown}
 O - a scroll of silence
Potions
 d - 5 potions of might
 h - 2 potions of haste
 i - a potion of invisibility {unknown}
 p - a potion of ambrosia {unknown}
 u - 2 potions of lignification {unknown}
 v - 2 potions of brilliance
 w - 2 potions of heal wounds
 B - 2 potions of attraction {unknown}
 E - a potion of cancellation
 M - a potion of enlightenment {unknown}


   Skills:
 * Level 15.1 Fighting
 * Level 14.9 Axes
 + Level 11.5 Armour
 + Level 11.5 Shields
 + Level 8.5 Invocations


You had 12 spell levels left.
You didn't know any spells.
Your spell library contained the following spells:

 Spells                   Type           Power      Damage    Failure   Level
 Necrotise                Necr           0%         1d4       65%         1
 Summon Small Mammal      Summ           0%         N/A       65%         1
 Scorch                   Fire           0%         2d5       78%         2
 Call Canine Familiar     Summ           0%         N/A       95%         3
 Gell's Gravitas          Tloc           0%         N/A       95%         3
 Sigil of Binding         Hex            0%         N/A       95%         3
 Teleport Other           Tloc           0%         N/A       95%         3
 Vampiric Draining        Necr           0%         2d6       95%         3
 Dimensional Bullseye     Hex/Tloc       0%         N/A       100%        4
 Flame Wave               Conj/Fire      0%         2d4       100%        4
 Leda's Liquefaction      Alch/Erth      0%         N/A       100%        4
 Martyr's Knell           Necr/Summ      0%         N/A       100%        4
 Summon Blazeheart Golem  Fire/Summ      0%         N/A       100%        4
 Curse of Agony           Necr           0%         N/A       100%        5
 Lee's Rapid Deconstruct  Erth           0%         3d4*      100%        5
 Bombard                  Conj/Erth      0%         9d1       100%        6
 Dispersal                Tloc           0%         N/A       100%        6
 Summon Cactus Giant      Summ           0%         N/A       100%        6


Dungeon Overview and Level Annotations

Branches:
Dungeon (10/15)            Temple (0/1) D:6            Lair (3/5) D:10
  Swamp (0/4) Lair:2        Snake (0/4) Lair:2          Orc (0/2) D:10

Altars:
Ashenzari
Cheibriados
Dithmenos
Fedhas
Hepliaklqana
Kikubaaqudgha
Ru
Sif Muna
Uskayaw
Wu Jian

Shops:
D:1 (   D:6 (   D:8 :   D:10 (

Annotations:
D:10 3 runed translucent doors, p0werm0de's ghost, journeyman MiFi
Lair:3 exclusion: oklob plant


Innate Abilities, Weirdness & Mutations

You have a pair of horns on your head.
You reflexively headbutt those who attack you in melee.
You are occasionally teleported next to monsters.


Message History

The six-headed hydra bites you but does no damage.
You block the six-headed hydra's attack. x2
The six-headed hydra bites you but does no damage.
You barely miss the six-headed hydra.
The six-headed hydra is moderately wounded.
You block the six-headed hydra's attack. x3
The six-headed hydra bites you!
You block the six-headed hydra's attack.
The six-headed hydra bites you!
You lop one of the six-headed hydra's heads off!
The five-headed hydra grows two more!
You slice the seven-headed hydra!! You headbutt the seven-headed hydra!!
The seven-headed hydra is severely wounded.
The seven-headed hydra bites you but does no damage. x3
You block the seven-headed hydra's attack. x3
The seven-headed hydra barely misses you.
The dream sheep shake their wool and sparkle.
You feel drowsy...
You fall asleep.
The seven-headed hydra bites you!!
You wake up.
The seven-headed hydra bites you but does no damage.
You block the seven-headed hydra's attack. x4
The seven-headed hydra closely misses you.
You hear a roar!
The seven-headed hydra attacks as it pursues you!
You block the seven-headed hydra's attack. x2
The seven-headed hydra bites you but does no damage.
You block the seven-headed hydra's attack.
The seven-headed hydra closely misses you.
The seven-headed hydra completely misses you.
The seven-headed hydra bites you but does no damage.
A four-headed hydra comes into view.
The seven-headed hydra bites you but does no damage.
You block the seven-headed hydra's attack.
The seven-headed hydra bites you but does no damage. x3
The seven-headed hydra barely misses you.
The seven-headed hydra bites you but does no damage.
The four-headed hydra moves out of view.
You hit the seven-headed hydra. You headbutt the seven-headed hydra.
The seven-headed hydra is almost dead.
You block the seven-headed hydra's attack.
The seven-headed hydra bites you but does no damage.
You block the seven-headed hydra's attack.
The seven-headed hydra bites you!
The seven-headed hydra barely misses you.
You block the seven-headed hydra's attack.
The seven-headed hydra bites you but does no damage.
You slice one of the seven-headed hydra's heads off!
The six-headed hydra grows two more!
You slash the eight-headed hydra! You headbutt the eight-headed hydra.
The eight-headed hydra is severely wounded.
The eight-headed hydra barely misses you.
You block the eight-headed hydra's attack.
The eight-headed hydra bites you.
You block the eight-headed hydra's attack.
The eight-headed hydra bites you.
You block the eight-headed hydra's attack.
The eight-headed hydra bites you but does no damage. x2
You chop one of the eight-headed hydra's heads off!
The seven-headed hydra grows two more!
You hit the nine-headed hydra. You headbutt the nine-headed hydra!
The nine-headed hydra is severely wounded.
You block the nine-headed hydra's attack.
The nine-headed hydra bites you.
You block the nine-headed hydra's attack. x3
The nine-headed hydra bites you but does no damage.
The nine-headed hydra bites you!
The nine-headed hydra bites you but does no damage. x2
You are too injured to fight recklessly!
You can feel time thicken for a moment.
Cheibriados lowers the support of your attributes as your movement quickens.
The nine-headed hydra barely misses you.
The nine-headed hydra bites you but does no damage.
The nine-headed hydra bites you!
* * * LOW HITPOINT WARNING * * *
You block the nine-headed hydra's attack. x4
The nine-headed hydra bites you!
* * * LOW HITPOINT WARNING * * *
The nine-headed hydra bites you.
* * * LOW HITPOINT WARNING * * *
You can feel time thicken for a moment.
You kill the nine-headed hydra!
Cheibriados appreciates the change of pace.
You kill the cane toad!
Cheibriados appreciates the change of pace.
Cheibriados lowers the support of your attributes as your movement quickens.
The dream sheep ruffles its wool and motes of dream dust sparkle, to no effect.
Unknown command.
As you read the scroll of teleportation, it crumbles to dust.
You feel strangely unstable.
The dream sheep ruffles its wool and motes of dream dust sparkle, to no effect.
You slash the dire elephant! You headbutt the dire elephant!
The dire elephant is heavily wounded.
The dream sheep ruffle their wool and motes of dream dust sparkle, to no effect.
You block the dire elephant's attack. The dire elephant trunk-slaps you.
* * * LOW HITPOINT WARNING * * *
You carve the dire elephant like a ham!!!
The dire elephant is almost dead.
You hear a roar!
The dire elephant tramples you!
You die...

.♣.~~~.♣.♣.♣# ♣♣..♣♣ #♣♣ ♣
...~~~......# ♣♣....♣♣ #.♣♣♣
.♣.~~~.♣.♣.♣# ♣♣..♣♣..♣♣
#♣.♣. ♣♣♣...♣♣♣♣ ♣♣..♣♣♣♣..♣♣
♣♣.♣ ♣♣.♣♣ ### ♣♣..♣♣.##♣..♣♣
### ♣♣♣[..♣♣♣.♣♣#♣..♣♣Y.
#♣..♣♣ ♣ )♣.~~~.♣.~.♣#..♣♣.#
♣♣..♣#♣♣♣♣ ~.#~~~#.~~~...♣♣Y♣
♣♣...#.... .♣.~~~.♣.~.♣#♣♣.@♣
♣♣..♣♣#♣♣♣♣ ♣♣♣..)♣♣♣.♣♣
♣..♣♣ ♣♣..♣♣ ♣ ####.#######
♣♣..♣♣♣♣..♣♣ ..##.##....♣
♣♣..♣♣..♣♣ ♣♣ .#.)...#†♣♣♣#
♣♣....♣♣ #♣♣♣. .#.[#..#.YY.#
♣♣..♣♣ #.... .#..(..#†♣♣♣#
♣♣.♣ #♣♣♣. ..##.##....♣ ###
♣♣
####################<########


You could see a dire elephant and a dream sheep.

Vanquished Creatures
  Gastronok (D:9)
  Kirke (Lair:3)
  5 hydras
  Harold (D:9)
  A catoblepas (Lair:3)
  2 death yaks (Lair:3)
  A skyshark (Lair:3)
  A lindwurm (Lair:3)
  6 elephants (Lair:3)
  An oklob plant (Lair:3)
  Maurice (D:7)
  4 black mambas (Lair:3)
  3 torpor snails (Lair:3)
  5 rime drakes
  6 cane toads (Lair:3)
  Maggie (D:9)
  6 komodo dragons
  A polar bear (Lair:3)
  5 tyrant leeches (Lair:2)
  A dream sheep (Lair:3)
  6 blink frogs (Lair:3)
  5 wyverns
  2 hogs (Lair:3)
  33 yaks
  A vampire (D:10)
  Eustachio (D:5)
  4 basilisks
  3 steam dragons
  3 nagas (Lair:2)
  A swamp worm (Lair:2)
  2 acid dragons
  10 water moccasins
  A sky beast (D:8)
  6 black bears
  A swamp drake (D:10)
  3 orc warriors (D:10)
  3 ogres
  2 centaurs (D:8)
  A wolf (Lair:3)
  A kobold brigand (D:6)
  11 bullfrogs
  A gnoll sergeant (D:9)
  2 scorpions
  12 wights
  6 killer bees (D:9)
  An electric eel (D:8)
  4 howler monkeys
  A bombardier beetle (D:7)
  8 hounds
  7 orc priests
  2 gnoll boudas
  3 iguanas (D:5)
  11 orc wizards
  2 sleepcaps
  6 adders
  15 gnolls
  2 white imps
  4 ufetubi (D:5)
  A ribbon worm (D:5)
  A dart slug (D:1)
  53 orcs
  7 ball pythons
  2 bats
  6 endoplasms
  2 giant cockroaches (D:3)
  7 goblins
  4 hobgoblins
  5 jackals
  A quokka (D:3)
  7 frilled lizards
  15 kobolds
  4 rats
355 creatures vanquished.

Vanquished Creatures (others)
  A komodo dragon (D:10)
  A bullfrog (Lair:3)
  A shadow imp (D:6)
3 creatures vanquished.

Grand Total: 358 creatures vanquished

Notes
Turn   | Place    | Note
-------+----------+-------------------------------------------
     0 | D:1      | Flugslaktarn the Minotaur Fighter began the quest for the
                  | Orb.
     0 | D:1      | Reached XP level 1. HP: 19/19 MP: 0/0
    95 | D:1      | Reached XP level 2. HP: 27/27 MP: 1/1
   108 | D:1      | Found Hojotitu's Antique Weapon Shoppe.
   158 | D:1      | Reached skill level 4 in Fighting
   457 | D:2      | Reached XP level 3. HP: 33/33 MP: 2/2
   903 | D:2      | Reached XP level 4. HP: 41/41 MP: 3/3
  1768 | D:4      | Noticed an ogre
  1773 | D:4      | Killed an ogre
  1774 | D:4      | Reached skill level 5 in Fighting
  1774 | D:4      | Reached XP level 5. HP: 48/48 MP: 4/4
  2071 | D:4      | Found a snail-covered altar of Cheibriados.
  2101 | D:4      | Became a worshipper of Cheibriados the Contemplative
  2740 | D:5      | Entered Level 5 of the Dungeon
  2740 | D:5      | Found an ancient bone altar of Kikubaaqudgha.
  2753 | D:5      | Reached XP level 6. HP: 50/56 MP: 5/5
  2763 | D:5      | Reached skill level 5 in Axes
  2770 | D:5      | Reached skill level 1 in Invocations
  2927 | D:5      | Reached skill level 6 in Fighting
  2927 | D:5      | Reached skill level 5 in Armour
  3008 | D:5      | Reached * piety under Cheibriados
  3010 | D:5      | Noticed Eustachio
  3020 | D:5      | Reached skill level 5 in Shields
  3020 | D:5      | Reached XP level 7. HP: 57/63 MP: 5/7
  3031 | D:5      | Killed Eustachio
  3243 | D:5      | Found an ornate altar of the Wu Jian Council.
  3664 | D:6      | Reached skill level 7 in Fighting
  3718 | D:6      | Reached ** piety under Cheibriados
  3753 | D:6      | Reached XP level 8. HP: 68/73 MP: 8/8
  3932 | D:6      | Found a staircase to the Ecumenical Temple.
  3954 | D:6      | Found Kentoh's Weapon Shop.
  4013 | D:6      | Found a broken altar of Ashenzari.
  4116 | D:6      | Found a hide-covered altar of Uskayaw.
  4162 | D:6      | Reached skill level 8 in Fighting
  4672 | D:7      | Noticed Maurice
  4681 | D:7      | Something stole an amulet of guardian spirit
  4683 | D:7      | Something stole a +0 buckler
  4688 | D:7      | Something stole 223 gold
  4718 | D:7      | Killed Maurice
  4719 | D:7      | Reached XP level 9. HP: 59/82 MP: 3/10
  4792 | D:7      | Found a shimmering blue altar of Sif Muna.
  4846 | D:7      | Reached *** piety under Cheibriados
  5445 | D:8      | Reached skill level 9 in Fighting
  5684 | D:8      | Found Zelet's Self-Published Books.
  6351 | D:8      | Reached **** piety under Cheibriados
  6748 | D:9      | Noticed Harold
  6758 | D:9      | Killed Harold
  6759 | D:9      | Reached skill level 10 in Fighting
  6759 | D:9      | Reached XP level 10. HP: 70/93 MP: 12/12
  6886 | D:9      | Found a hazy altar of Hepliaklqana.
  6896 | D:9      | Noticed Maggie
  6906 | D:9      | Killed Maggie
  6973 | D:9      | Noticed Gastronok
  6977 | D:9      | Reached ***** piety under Cheibriados
  6978 | D:9      | Reached skill level 10 in Axes
  6978 | D:9      | Reached skill level 5 in Invocations
  6980 | D:9      | Gained mutation: Potions are less effective at restoring
                  | your health. [potion of mutation]
  6980 | D:9      | Gained mutation: Your mind is acute. (Int +4, Str/Dex -1)
                  | [potion of mutation]
  6986 | D:9      | Lost mutation: Potions are less effective at restoring your
                  | health. [potion of mutation]
  6986 | D:9      | Lost mutation: Your mind is acute. (Int +4, Str/Dex -1)
                  | [potion of mutation]
  6986 | D:9      | Gained mutation: You are occasionally teleported next to
                  | monsters. [potion of mutation]
  7174 | D:9      | Killed Gastronok
  7175 | D:9      | Reached skill level 11 in Fighting
  7614 | D:10     | Entered Level 10 of the Dungeon
  7640 | D:10     | Found Eseck's Firing Range.
  7741 | D:10     | Reached XP level 11. HP: 87/102 MP: 14/14
  7802 | D:10     | Found a shadowy altar of Dithmenos.
  7878 | D:10     | Found a runed translucent gate.
  7878 | D:10     | Found a runed translucent gate.
  7879 | D:10     | Found a runed translucent gate.
  7880 | D:10     | Noticed p0werm0de's ghost (journeyman MiFi)
  7990 | D:10     | Found a sacrificial altar of Ru.
  8074 | D:10     | Found a staircase to the Orcish Mines.
  8448 | D:10     | Found a staircase to the Lair.
  8961 | Lair:1   | Entered Level 1 of the Lair of Beasts
  9013 | Lair:1   | Reached skill level 12 in Fighting
 10234 | Lair:2   | Found a staircase to the Snake Pit.
 10434 | Lair:2   | Noticed a five-headed hydra
 10439 | Lair:2   | Killed a six-headed hydra
 10577 | Lair:2   | Reached skill level 13 in Fighting
 10584 | Lair:2   | Reached skill level 10 in Armour
 10584 | Lair:2   | Reached XP level 12. HP: 110/115 MP: 16/16
 10639 | Lair:2   | Found a staircase to the Swamp.
 11115 | Lair:3   | Reached skill level 10 in Shields
 11309 | Lair:3   | Noticed a four-headed hydra
 11314 | Lair:3   | Killed a seven-headed hydra
 11336 | Lair:3   | Noticed Kirke
 11346 | Lair:3   | Killed Kirke
 11518 | Lair:3   | Found a blossoming altar of Fedhas.
 11609 | Lair:3   | Reached skill level 14 in Fighting
 11622 | Lair:3   | Noticed a catoblepas
 11625 | Lair:3   | Noticed a death yak
 11916 | Lair:3   | Noticed a seven-headed hydra
 11924 | Lair:3   | Killed an 11-headed hydra
 12150 | Lair:3   | Reached XP level 13. HP: 121/125 MP: 18/18
 12601 | Lair:3   | Reached ****** piety under Cheibriados
 12604 | Lair:3   | Reached skill level 15 in Fighting
 13088 | Lair:3   | Identified the +1 robe of Clean Fun {-Tele Str+4}
 13097 | Lair:3   | Identified the +2 chain mail "Ygazee" {Str+3}
 13178 | Lair:3   | Noticed a dire elephant
 13192 | Lair:3   | Slain by a dire elephant

Illustrated notes

Levels and vault maps discovered:
D:1:      eino_arrival_druids_welcome, layout_rooms, serial_shops,
          nicolae_shop_waterfront
D:2:      layout_basic
D:3:      layout_rooms
D:4:      layout_cave_pods, lemuel_crystal_altar
D:5:      layout_cave_pools, mainiacjoe_overflow_catwalk_spiral, uniq_eustachio
D:6:      layout_rooms, marbit_many_paths, ashenzari_conservatory_becter,
          minmay_temple_entry_trees, serial_shops,
          nicolae_shop_bloodbath_and_beyond, minivault_4
D:7:      layout_loops_cross, hellmonk_sif_muna_bookshelves, uniq_maurice
D:8:      layout_basic, nicolae_custom_books, hangedman_glass_teeth,
          fountainhead, billiards_dpeg
D:9:      layout_cave_pools, overflow_temple_1_default,
          nicolae_overflow_hidden_temple, uniq_maggie, uniq_harold,
          uniq_gastronok
D:10:     layout_rooms, nicolae_ru_path_of_blood, amcnicky_altar_gilded,
          erik_lair_dragon, erik_orc_1, gammafunk_ghost_nasty_kobolds,
          nicolae_shop_firing_range
Lair:1:   layout_regular_city
Lair:2:   layout_hall_layers, minmay_swamp_entry_worms,
          minmay_snake_entry_guardpost_small
Lair:3:   nzn_winding_woodlands_huge [nzn_winding_woodlands_5x15_jagged,
          nzn_winding_woodlands_5x15_concentric,
          nzn_winding_woodlands_5x15_crooked,
          nzn_winding_woodlands_5x15_default, nzn_winding_woodlands_5x15_garden,
          nzn_winding_woodlands_5x15_sawtooth, nzn_winding_woodlands_5x15_eye,
          nzn_winding_woodlands_5x15_default,
          nzn_winding_woodlands_5x15_longhouse, nzn_winding_woodlands_5x15_pool,
          nzn_winding_woodlands_center_triple_pond,
          nzn_winding_woodlands_center_pierced_h,
          nzn_winding_woodlands_15x15_thick_spiral], layout_chaotic_city,
          hangedman_tree_tricks, patterned_corridor, uniq_kirke

Skill      XL: |  1  2  3  4  5  6  7  8  9 10 11 12 13 |
---------------+----------------------------------------+-----
Fighting       | 4 5 6 7 8 10 11 13 14 15 | 15.1
Axes           | 3 4 5 6 8 9 11 12 14 | 14.9
Armour         | 4 5 6 7 8 10 11 | 11.5
Shields        | 4 5 6 7 8 9 11 | 11.5
Invocations    | 1 2 3 4 5 6 8 |  8.5

Action                     |  1- 3 |  4- 6 |  7- 9 | 10-12 | 13-15 || total
---------------------------+-------+-------+-------+-------+-------++-------
  Melee: War axe           |    54 |    95 |       |       |       ||   149
         Headbutt          |     5 |    13 |    42 |    88 |    35 ||   183
         Broad axe         |       |    20 |   217 |   344 |    97 ||   678
         Unarmed           |       |       |    15 |       |       ||    15
 Invoke: Slouch            |       |       |       |     3 |     2 ||     5
  Evoke: Wand              |       |       |     2 |       |       ||     2
    Use: Scroll            |       |     6 |     4 |     4 |     1 ||    15
         Potion            |       |     1 |     1 |     7 |       ||     9
 Armour: Scale mail        |    34 |     5 |       |       |       ||    39
         Plate armour      |       |    72 |   211 |   238 |    87 ||   608
         Skin              |       |       |    23 |       |       ||    23
         Chain mail        |       |       |       |       |    38 ||    38
  Dodge: Dodged            |    32 |    22 |    71 |    88 |    38 ||   251
  Block: Buckler           |     9 |       |       |       |       ||     9
         Tower shield      |       |    96 |   225 |   429 |   142 ||   892

Table legend: (Time is in decaauts)
 A = Elapsed time spent in this place.
 B = Non-inter-level travel time spent in this place.
 C = Inter-level travel time spent in this place.
 D = Time resting spent in this place.
 E = Time spent auto-exploring this place.
 F = Levels seen in this place.
 G = Mean time per level.
                   A        B        C        D        E       F      G
               +--------+--------+--------+--------+--------+-----+--------+
         Total |  18612 |  17882 |    730 |    869 |  14689 |  13 | 1431.7 |
       Dungeon |  12076 |  11409 |    667 |    284 |   9509 |  10 | 1207.6 |
          Lair |   6535 |   6473 |     62 |    585 |   5179 |   3 | 2178.3 |
               +--------+--------+--------+--------+--------+-----+--------+

Top non-repeatable levels by time:
  Lair:3: 2963 daAuts
    D:10: 2191 daAuts
  Lair:2: 1798 daAuts
  Lair:1: 1774 daAuts
     D:8: 1611 daAuts
     D:9: 1526 daAuts
     D:7: 1524 daAuts
     D:4: 1232 daAuts
     D:5: 1135 daAuts
     D:6: 1106 daAuts
     D:2: 816 daAuts
     D:3: 527 daAuts
     D:1: 403 daAuts
